 Dungeon Crawl Stone Soup version 0.21-a0-178-g0b87683 (webtiles) character file.

6294 advocate the Contemplative (level 11, -5/86 HPs)
             Began as a Formicid Fighter on Aug 9, 2017.
             Was a Priest of Cheibriados.
             Killed by divine providence
             ... invoked by an orc priest
              (11 damage)
             ... on level 9 of the Dungeon.
             The game lasted 00:18:42 (11226 turns).

advocate the Contemplative (Formicid Fighter)      Turns: 11226, Time: 00:18:43

Health: -5/86      AC: 23    Str: 30    XL:     11   Next: 16%
Magic:  9/18       EV:  7    Int: 15    God:    Cheibriados [***...]
Gold:   519        SH: 14    Dex: 21    Spells: 10/10 levels left

rFire    . . .     SeeInvis +   a - +1 flail
rCold    + . .     Gourm    .   c - +0 shield
rNeg     + . .     Faith    .   N - +2 chain mail {rC+}
rPois    +         Spirit   .   (helmet unavailable)
rElec    .         Reflect  +   K - +0 cloak
rCorr    .         Harm     .   S - +2 pair of gloves
MR       ++...                  j - +2 pair of boots
Stlth    ..........             H - +3 amulet of reflection
HPRegen  0.24/turn              M - ring of Lygysym {rN+ AC+2}
MPRegen  0.16/turn              O - ring of stealth

@: very slow
A: permanent stasis, dig shafts and tunnels, four strong arms, antennae 3, magic
resistance 1, poison resistance
a: Dig, Shaft Self, Bend Time, Temporal Distortion, Renounce Religion


You were on level 9 of the Dungeon.
You worshipped Cheibriados.
Cheibriados was most pleased with you.
You were not hungry.

You visited 2 branches of the dungeon, and saw 10 of its levels.

You collected 519 gold pieces.

Inventory:

Hand Weapons
 a - a +1 flail (weapon)
 L - a +1 whip of flaming
Missiles
 k - 247 stones (quivered)
 Q - 2 throwing nets
Armour
 b - a +0 scale mail
 c - a +0 shield (worn)
 j - a +2 pair of boots (worn)
 I - a +0 cloak
 J - a +0 troll leather armour
 K - a +0 cloak (worn)
 N - a +2 chain mail of cold resistance (worn)
 S - a +2 pair of gloves (worn)
Jewellery
 m - an uncursed ring of protection from cold
 x - an uncursed ring of protection from magic
 B - an uncursed ring of see invisible
 H - a +3 amulet of reflection (around neck)
 M - the ring of Lygysym (left hand) {rN+ AC+2}
   (You found it on level 5 of the Dungeon)

   [ring of protection]

   It affects your AC (+2).
   It protects you from negative energy.
 O - a ring of stealth (right hand)
Wands
 g - a wand of lightning (0/15)
 o - a wand of random effects (39/48)
 y - a wand of random effects (25/48)
 z - a wand of flame (0/48)
 P - a wand of flame (13/48)
Scrolls
 i - 2 scrolls of recharging
 t - 6 scrolls of remove curse
 A - a scroll of fog {unknown}
 D - a scroll of random uselessness {unknown}
 E - a scroll of magic mapping
 F - a scroll of teleportation
 G - a scroll of identify
Potions
 e - a potion of haste
 h - 2 potions of magic
 p - a potion of invisibility {unknown}
 r - 3 potions of flight
 s - a potion of brilliance
 u - 3 potions of berserk rage
 w - a potion of resistance
Books
 v - a book of Misfortune

   Spells                             Type                      Level
   a - Confusing Touch                Hexes                        1
   b - Confuse                        Hexes                        3
   c - Gell's Gravitas                Translocation                3
   d - Petrify                        Transmutation/Earth          4
   e - Metabolic Englaciation         Hexes/Ice                    5
   f - Yara's Violent Unravelling     Hexes/Transmutation          5
Comestibles
 f - 2 bread rations
 l - 11 royal jellies
 q - 12 fruits
 C - 3 meat rations


   Skills:
 + Level 8.2 Fighting
 - Level 10.0 Maces & Flails
 + Level 8.2 Armour
 - Level 3.6 Shields
 + Level 10.2 Invocations


You had 10 spell levels left.
You didn't know any spells.

Dungeon Overview and Level Annotations

Branches:
Dungeon (9/15)             Temple (1/1) D:5            Lair (0/6) D:9
    Orc: D:9-12

Altars:
Ashenzari
Cheibriados
Fedhas
Gozag
Kikubaaqudgha
Makhleb
Nemelex Xobeh
Okawaru
Sif Muna
Trog
Uskayaw
Yredelemnul
The Shining One
Beogh

Shops:
D:7 (

Annotations:
D:6 5 runed doors


Innate Abilities, Weirdness & Mutations

You cannot be hasted, slowed, berserked, paralysed or teleported.
You can dig through walls and to a lower floor.
Your four strong arms can wield two-handed weapons with a shield.
You have a pair of large antennae on your head. (SInv)
You are resistant to hostile enchantments. (MR+)
Your system is resistant to poisons. (rPois)


Message History

Unknown command.
You feel better.
The jackal barks!
The orc warrior throws a tomahawk.
You reflect the tomahawk off an invisible shield around you!
The tomahawk barely misses the orc warrior.
The orc priest calls down the wrath of Beogh upon you.
Beogh smites you!
* * * LOW HITPOINT WARNING * * *
A jackal comes into view.
The jackal barks!
Unknown command.
Okay, then.
You feel better.
The orc priest begins to cast a cantrip, but forgets the words!
The orc warrior throws a tomahawk.
The tomahawk hits you but does no damage.
The orc priest invokes the aid of Beogh against you.
Beogh smites you!
You die...

################
.....o..........
...oo..@o.......
#######)######## #o# #.#
################.#
...............)h#######
...............)h†......
###############h########
#)#


You could see 2 orc warriors, 2 orc priests, an orc and 3 jackals.

Vanquished Creatures
  The ghost of oki the Cleaver, a novice MiCK of Xom (D:9)
  Pikel (D:8)
  2 hornets (D:8)
  2 trolls (D:9)
  A wyvern (D:9)
  A hungry ghost (D:9)
  A soldier ant (D:8)
  5 orc warriors
  A sky beast (D:9)
  A hornet zombie (D:8)
  An ice beast (D:8)
  An ogre (D:5)
  4 wolves (D:9)
  2 centaurs
  3 bullfrogs
  A wyvern zombie (D:6)
  A water moccasin zombie (D:9)
  3 scorpions
  7 killer bees
  3 howler monkeys
  4 electric eels (D:9)
  2 crimson imps (D:5)
  A centaur zombie (D:7)
  8 hounds
  4 jellies
  4 bullfrog skeletons
  3 orc priests
  A centaur skeleton (D:6)
  5 iguanas
  5 orc wizards
  2 worker ants
  Natasha (thrice) (D:2)
  A hound zombie (D:6)
  A hound skeleton (D:6)
  A worker ant zombie (D:8)
  5 gnolls
  2 howler monkey skeletons
  8 adders
  2 oozes
  2 worms
  8 leopard geckos
  29 orcs
  A ball python (D:2)
  10 bats
  9 giant cockroaches
  11 goblins
  13 hobgoblins
  11 jackals
  8 quokkas
  3 frilled lizards
  A jackal skeleton (D:6)
  11 kobolds
  A leopard gecko skeleton (D:6)
  A quokka zombie (D:7)
  11 rats
234 creatures vanquished.

Vanquished Creatures (others)
  Maurice (D:8)
  A slave (D:8)
  An orc wizard (D:8)
  A gnoll (D:8)
  An adder (D:9)
  4 orcs
  A jackal (D:8)
10 creatures vanquished.

Grand Total: 244 creatures vanquished

Notes
Turn   | Place    | Note
-------+----------+-------------------------------------------
     0 | D:1      | advocate the Formicid Fighter began the quest for the Orb.
     0 | D:1      | Reached XP level 1. HP: 18/18 MP: 1/1
    95 | D:1      | Reached XP level 2. HP: 24/24 MP: 2/2
   428 | D:1      | Reached XP level 3. HP: 23/29 MP: 3/3
  1405 | D:2      | Reached XP level 4. HP: 35/35 MP: 4/4
  1809 | D:2      | Noticed Natasha
  1818 | D:2      | Killed Natasha
  1818 | D:2      | Reached XP level 5. HP: 27/41 MP: 5/5
  2084 | D:2      | Reached skill level 5 in Maces & Flails
  2284 | D:2      | Noticed Natasha
  2296 | D:2      | Killed Natasha
  2543 | D:2      | Noticed Natasha
  2548 | D:2      | Killed Natasha
  2631 | D:3      | Reached XP level 6. HP: 39/47 MP: 6/6
  2689 | D:3      | Found a shattered altar of Ashenzari.
  2897 | D:3      | Found an ancient bone altar of Kikubaaqudgha.
  2897 | D:3      | Found a blossoming altar of Fedhas.
  3987 | D:4      | You fall through a shaft for 3 floors!
  3987 | D:7      | Found a burning altar of Makhleb.
  4520 | D:6      | Reached XP level 7. HP: 38/52 MP: 7/7
  4528 | D:5      | Entered Level 5 of the Dungeon
  5151 | D:5      | Got a coiled marble ring
  5253 | D:5      | Found a staircase to the Ecumenical Temple.
  5262 | Temple   | Entered the Ecumenical Temple
  5341 | Temple   | Became a worshipper of Cheibriados the Contemplative
  5446 | D:5      | Reached skill level 1 in Invocations
  5446 | D:5      | Reached XP level 8. HP: 49/58 MP: 8/8
  6824 | D:6      | Found a runed gate.
  6824 | D:6      | Found a runed gate.
  6824 | D:6      | Found a runed gate.
  6836 | D:6      | Found a runed door.
  6846 | D:6      | Found a runed door.
  6876 | D:6      | Reached * piety under Cheibriados
  6999 | D:6      | HP: 1/58 [wyvern zombie (11)]
  7578 | D:7      | Found Pochoos's Weapon Emporium.
  7585 | D:7      | Reached skill level 5 in Invocations
  7592 | D:7      | Reached XP level 9. HP: 58/64 MP: 12/12
  7707 | D:7      | Reached ** piety under Cheibriados
  8049 | D:7      | Reached skill level 10 in Maces & Flails
  8144 | D:7      | Identified the ring of Lygysym {rN+ AC+2} (You found it on level 5 of the Dungeon)
  8384 | D:8      | Found an opulent altar of Gozag.
  8391 | D:8      | Noticed Maurice
  8409 | D:8      | Killed Maurice
  8615 | D:8      | Noticed Pikel
  8639 | D:8      | Killed Pikel
  8639 | D:8      | Reached skill level 5 in Fighting
  8639 | D:8      | Reached skill level 5 in Armour
  9014 | D:8      | Reached XP level 10. HP: 64/74 MP: 15/15
  9342 | D:8      | Reached *** piety under Cheibriados
  9672 | D:9      | Gained mutation: You are resistant to hostile enchantments. (MR+) [potion of mutation]
  9672 | D:9      | Gained mutation: Your system is resistant to poisons. (rPois) [potion of mutation]
 10612 | D:9      | Noticed oki's ghost (novice MiCK)
 10667 | D:9      | Killed oki's ghost
 10810 | D:9      | Reached XP level 11. HP: 65/85 MP: 18/18
 10850 | D:9      | Found a staircase to the Lair.
 10953 | D:9      | Reached **** piety under Cheibriados
 10972 | D:9      | Reached skill level 10 in Invocations
 11186 | D:9      | Found a roughly hewn altar of Beogh.
 11224 | D:9      | HP: 4/86 [orc priest/divine providence (15)]
 11225 | D:9      | HP: 1/86 [orc priest/divine providence (13)]
 11226 | D:9      | Killed from afar by an orc priest

Vault maps used:
D:1:      dpeg_arrival_prison
D:2:      minmay_pentomino_p2, uniq_natasha
D:3:      grunt_temple_overflow_growth_and_decay, nicolae_ashenzari_panopticon
D:4:      first_bread
D:5:      temple_hall
D:6:      minmay_guarded_unrand_staff_of_olgreb
D:7:      makhleb_heckhound_becter, serial_shops, shop
D:8:      nicolae_overflow_crystal_walls, hangedman_pestilent_swarm,
          uniq_maurice, uniq_pikel
D:9:      erik_lair_island, david_orc_5, lightli_wizard_tower
Temple:   dpeg_five_rooms_temple

Skill      XL: |  1  2  3  4  5  6  7  8  9 10 11 |
---------------+----------------------------------+-----
Maces & Flails | 3 4 5 7 8 9 10 | 10.0
Invocations    | 1 5 7 9 10 | 10.2
Fighting       | 5 7 8 |  8.2
Armour         | 5 7 8 |  8.2
Shields        | |  3.6

Action                   |  1- 3 |  4- 6 |  7- 9 | 10-12 || total
-------------------------+-------+-------+-------+-------++-------
Melee: Flail             |   125 |   266 |   380 |   257 ||  1028
Throw: Stone             |       |       |     3 |       ||     3
Invok: Temporal Distorti |       |       |       |     2 ||     2
       Slouch            |       |       |       |     1 ||     1
 Abil: Dig               |       |       |       |     1 ||     1
Evoke: Wand              |       |       |     6 |     7 ||    13
  Use: Scroll            |       |     5 |    10 |     1 ||    16
       Potion            |       |       |     8 |    10 ||    18
  Eat: Chunk             |     2 |    10 |    11 |     2 ||    25
       Fruit             |       |       |     1 |       ||     1
       Bread ration      |       |       |       |     1 ||     1
Armor: Scale mail        |    64 |   123 |    34 |       ||   221
       Chain mail        |       |       |   127 |   141 ||   268
Dodge: Dodged            |    37 |   109 |    81 |    57 ||   284
Block: Shield            |    63 |   157 |   209 |   210 ||   639
       Reflection        |       |       |       |     7 ||     7
